 Dungeon Crawl Stone Soup version 0.30-a0-222-ge547ba4400 (webtiles) character file.

Game seed: 6108983598197065288

30 Angani the Grave Robber (level 3, 0/24 HPs)
             Began as a Vampire Necromancer on Oct 8, 2022.
             Was a Believer of Jiyva.
             Slain by an adder (2 damage)
             ... on level 2 of the Dungeon.
             The game lasted 00:04:53 (977 turns).

Angani the Grave Robber (Vampire Necromancer)        Turns: 977, Time: 00:04:53

Health: 0/24       AC:  2    Str:  9    XL:     3   Next: 5%
Magic:  6/6        EV: 13    Int: 17    God:    Jiyva [**....]
Gold:   70         SH:  0    Dex: 20    Spells: 5/6 levels left

rFire   . . .      SeeInvis +      - Unarmed
rCold   . . .      Faith    .    (no shield)
rNeg    . . .      Spirit   .    a - +0 robe
rPois   .          Reflect  .    (no helmet)
rElec   .          Harm     .    (no cloak)
rCorr   +          Rampage  .    (no gloves)
Will    .....                    (no boots)
Stlth   ++........               (no amulet)
HPRegen 1.40/turn                b - +6 ring of dexterity
MPRegen 0.40/turn                (no ring)

@: lethally poisoned (0 -> -2), healing quickly, very slow
A: alive, fangs 3, see invisible, vampiric 2
a: Exsanguinate, Renounce Religion


You were on level 2 of the Dungeon.
You worshipped Jiyva.
Jiyva was pleased with you.
You visited 1 branch of the dungeon, and saw 2 of its levels.

You collected 70 gold pieces.

Inventory:

Armour
 a - a +0 robe (worn)
Magical Staves
 d - a staff of death
 e - a staff of earth
Jewellery
 b - a +6 ring of dexterity (left hand)
Scrolls
 c - 4 scrolls of identify {unknown}
 f - a scroll of amnesia {unknown}


   Skills:
 + Level 2.7 Dodging
 - Level 3.3 Stealth
 + Level 1.8 Unarmed Combat
 - Level 2.1 Spellcasting
 - Level 4.5 Necromancy


You had 5 spell levels left.
You knew the following spells:

 Your Spells              Type           Power      Damage    Failure   Level
a - Necrotise             Necr           68%        1d7       3%          1

Your spell library contained the following spells:

 Spells                   Type           Power      Damage    Failure   Level
 Sublimation of Blood     Necr           17%        N/A       4%          2
 Vampiric Draining        Necr           17%        2d7       9%          3
 Magic Dart               Conj           4%         1d3       19%         1
 Searing Ray              Conj           2%         2d4       28%         2
 Wereblood                Tmut           1%         N/A       28%         2
 Animate Dead             Necr           17%        N/A       30%         4
 Agony                    Necr           17%        N/A       63%         5
 Fulminant Prism          Conj/Hex       0%         3d6       88%         4
 Summon Hydra             Summ           0%         N/A       100%        7


Dungeon Overview and Level Annotations

Branches:
Dungeon (2/15)

Altars:
Jiyva


Innate Abilities, Weirdness & Mutations

Your natural rate of healing is accelerated.
You have razor-sharp teeth.
You have supernaturally acute eyesight. (SInv)
You are afflicted with vampirism and can become a bat while bloodless.


Message History

You feel sick.
You are no longer poisoned.
The adder bites your adder skeleton. The adder bites you.
You are poisoned.
The adder poisons you!
Your adder skeleton bites the adder.
The adder bites your adder skeleton.
The ball python bites you but does no damage.
The ball python grabs you. The ball python constricts you. The adder bites you.
Your adder skeleton closely misses the adder.
You escape the ball python's grasp.
The adder attacks as you move away! The adder closely misses you.
You feel very sick. The adder bites your adder skeleton.
Your adder skeleton is destroyed!
The adder bites you.
You are more poisoned.
The adder poisons you! The ball python closely misses you.
The ball python grabs you. The ball python constricts you.
You aren't carrying any potions.
You aren't carrying any potions.
Okay, then.
Unknown command.
Okay, then.
You closely miss the adder.
You feel very sick. The adder closely misses you.
The ball python loses its grip on you. The adder bites you.
You are more poisoned.
The adder poisons you! The ball python closely misses you.
The ball python misses you.
Unknown command.
* * * LOW HITPOINT WARNING * * *
You feel very sick. The adder bites you.
* * * LOW HITPOINT WARNING * * *
The adder barely misses you.
You see here a frilled lizard corpse.
Unknown command.
The adder attacks as you move away! The adder bites you.
You die...

~~.~..........#
...............###
...~.~.~~...~~~~P# #
♣.~.~P♣~~P~P~~~~♣.# #.#
.♣~~~~~~~~~≈~~~P~~♣ #.#
..♣P~P~~~≈≈~~~~~~♣ #.#
#.~~~~≈~≈~SS~♣ #.# #..
♣PP~~~~S~@♣♣ #.# ..
♣~~~~~~~##.# #.# .
#♣~♣♣♣~###.########.###### #
### #.##.............
######....#####.######
#.........# #.######
######.######..# #.......
.#....>...# #..############
.P.P......####..##..........


You could see 2 adders and a ball python.

Vanquished Creatures
  An adder (D:2)
  A dart slug (D:1)
  A worm (D:2)
  A giant cockroach (D:1)
  3 hobgoblins
  A jackal (D:2)
  A quokka (D:1)
  A bat (D:1)
  3 frilled lizards
  3 rats (D:1)
16 creatures vanquished.

Vanquished Creatures (collateral kills)
  A giant cockroach (D:2)
  A frilled lizard (D:2)
2 creatures vanquished.

Vanquished Creatures (others)
  An adder (D:2)
  2 ball pythons (D:2)
  2 bats
  2 endoplasms (D:2)
  A giant cockroach (D:2)
  A goblin (D:2)
  3 hobgoblins
  A jackal (D:2)
  A quokka (D:1)
  2 kobolds (D:1)
  13 plants (D:2)
29 creatures vanquished.

Grand Total: 47 creatures vanquished

Notes
Turn   | Place    | Note
-------+----------+-------------------------------------------
     0 | D:1      | Angani the Vampire Necromancer began the quest for the Orb.
     0 | D:1      | Reached XP level 1. HP: 13/13 MP: 3/3
    29 | D:1      | Found a faded altar of an unknown god.
    93 | D:1      | Prayed at the altar of an unknown god.
    93 | D:1      | Became a worshipper of Jiyva Jitecsom the Shapeless
    93 | D:1      | Reached * piety under Jiyva
   287 | D:1      | Reached XP level 2. HP: 18/19 MP: 3/5
   448 | D:1      | Reached skill level 1 in Unarmed Combat
   602 | D:1      | Reached ** piety under Jiyva
   955 | D:2      | Gained mutation: You are afflicted with vampirism and can
                  | become a bat while bloodless. [Vampire growth]
   955 | D:2      | Reached XP level 3. HP: 23/24 MP: 2/6
   977 | D:2      | Slain by an adder

Illustrated notes

Levels and vault maps discovered:
D:1:      amcnicky_arrival_double_pillar, layout_basic,
          hellmonk_ecumenical_altar_crossroads
D:2:      layout_loops_ring, kennysheep_nub, serial_bayou_pond_c,
          serial_bayou_ford_a, amethyst_killhole, minmay_circle_x

Skill      XL: |  1  2 |
---------------+-------+-----
Unarmed Combat | 1 |  1.8
Dodging        | |  2.7
Stealth        | |  3.3
Spellcasting   | |  2.1
Necromancy     | |  4.5

Action                   || total
-------------------------++-------
Melee: Unarmed           ||    75
       Bite              ||    13
       Punch             ||     1
 Cast: Necrotise         ||    17
  Use: Potion            ||     1
 Stab: Sleeping          ||     1
Armor: Robe              ||     8
Dodge: Dodged            ||    56

Table legend: (Time is in decaauts)
 A = Elapsed time spent in this place.
 B = Non-inter-level travel time spent in this place.
 C = Inter-level travel time spent in this place.
 D = Time resting spent in this place.
 E = Time spent auto-exploring this place.
 F = Levels seen in this place.
 G = Mean time per level.
                   A        B        C        D        E       F      G
               +--------+--------+--------+--------+--------+-----+--------+
         Total |    980 |    970 |     10 |     29 |    702 |   2 |  490.0 |
       Dungeon |    980 |    970 |     10 |     29 |    702 |   2 |  490.0 |
               +--------+--------+--------+--------+--------+-----+--------+

Top non-repeatable levels by time:
     D:1: 750 daAuts
     D:2: 230 daAuts
